 Dungeon Crawl Stone Soup version 0.26-a0-1161-g0398aca569 (webtiles) character file.

Game seed: 15112341719054959762

12678 BuffBuff the Basher (level 11, -1/72 HPs)
             Began as a Gargoyle Fighter on Dec 28, 2020.
             Was an Elder of the Shining One.
             Slain by Rupert
             ... wielding a +1 great sword of freezing
              (21 damage)
             ... on level 11 of the Dungeon.
             The game lasted 00:35:04 (9931 turns).

BuffBuff the Basher (Gargoyle Fighter)              Turns: 9931, Time: 00:35:05

Health: -1/72      AC: 31    Str: 23    XL:     11   Next: 97%
Magic:  23/23      EV:  8    Int: 11    God:    the Shining One [****..]
Gold:   746        SH: 11    Dex:  6    Spells: 10/10 levels left

rFire    + . .     SeeInvis +   a - +5 mace
rCold    . . .     Faith    .   c - +0 kite shield
rNeg     + + +     Spirit   .   A - +7 scale mail of Paytt {*Drain +Inv Regen+ SInv}
rPois    ∞         Reflect  .   i - +2 helmet
rElec    +         Harm     .   J - +0 cloak {rPois}
rCorr    .         Rampage  .   H - +1 pair of gloves of Minor Irritation {+Blink rElec Int+2 Dex-3}
Will     .....                  z - +0 pair of boots (curse)
Stlth    ..........             g - amulet of regeneration
HPRegen  1.02/turn              n - ring of protection from fire
MPRegen  0.18/turn              C - ring of magical power

@: glowing
A: negative energy resistance 1, electricity resistance, unbreathing,
petrification resistance, miasma immunity, AC +8
a: Renounce Religion, Evoke Blink, Evoke Invisibility, Divine Shield, Cleansing
Flame


You were on level 11 of the Dungeon.
You worshipped the Shining One.
The Shining One was greatly pleased with you.
You visited 2 branches of the dungeon, and saw 13 of its levels.

You collected 746 gold pieces.

Inventory:

Hand Weapons
 a - a +5 mace (weapon)
Armour
 c - a +0 kite shield (worn)
 i - a +2 helmet (worn)
 z - a cursed +0 pair of boots (worn)
 A - the +7 scale mail of Paytt (worn) {*Drain +Inv Regen+ SInv}
   (You found it on level 7 of the Dungeon)

   It lets you see invisible.
   It lets you turn invisible.
   It increases your rate of regeneration.
   It causes draining when unequipped.
 H - the +1 pair of gloves of Minor Irritation (worn) {+Blink rElec Int+2 Dex-3}
   (You found it on level 9 of the Dungeon)

   It affects your intelligence (+2).
   It affects your dexterity (-3).
   It insulates you from electricity.
   It lets you blink.
 J - a +0 cloak of poison resistance (worn)
Jewellery
 g - an amulet of regeneration (around neck)
 n - a ring of protection from fire (left hand)
 C - a ring of magical power (right hand)
Wands
 u - a wand of iceblast (12)
 v - a wand of enslavement (14)
 D - a wand of digging (5)
 F - a wand of flame (29)
Scrolls
 e - 2 scrolls of fog
 f - 2 scrolls of fear
 h - a scroll of enchant armour
 k - 7 scrolls of remove curse
 m - 4 scrolls of identify
 o - a scroll of amnesia
 q - 13 scrolls of teleportation
 r - 3 scrolls of enchant weapon
 B - 3 scrolls of blinking
 I - a scroll of immolation
Potions
 b - 2 potions of lignification
 d - a potion of might
 j - a potion of haste
 l - 2 potions of curing
 p - a potion of flight
 s - a potion of berserk rage {unknown}
 t - a potion of invisibility
 w - 3 potions of brilliance
 E - 2 potions of experience {unknown}
 G - 2 potions of magic {unknown}


   Skills:
 + Level 9.6 Fighting
 * Level 11.7 Maces & Flails
 - Level 8.5 Armour
 + Level 9.6 Shields
 + Level 4.2 Invocations
 + Level 3.6 Evocations


You had 10 spell levels left.
You didn't know any spells.
Your spell library contained the following spells:

 Spells                   Type           Power        Failure   Level
 Animate Skeleton         Necr           0%           85%         1
 Apportation              Tloc           0%           85%         1
 Corona                   Hex            0%           85%         1
 Shock                    Conj/Air       0%           85%         1
 Summon Small Mammal      Summ           0%           85%         1
 Call Imp                 Summ           0%           94%         2
 Slow                     Hex            0%           94%         2
 Swiftness                Air            0%           94%         2
 Call Canine Familiar     Summ           0%           99%         3
 Inner Flame              Hex/Fire       0%           99%         3
 Portal Projectile        Hex/Tloc       0%           99%         3
 Static Discharge         Conj/Air       0%           99%         3
 Summon Guardian Golem    Hex/Summ       0%           99%         3
 Teleport Other           Tloc           0%           99%         3
 Airstrike                Air            0%           100%        4
 Cause Fear               Hex            0%           100%        4
 Leda's Liquefaction      Hex/Erth       0%           100%        4
 Petrify                  Tmut/Erth      0%           100%        4
 Summon Ice Beast         Ice/Summ       0%           100%        4
 Summon Lightning Spire   Summ/Air       0%           100%        4
 Irradiate                Conj/Tmut      0%           100%        5
 Lightning Bolt           Conj/Air       0%           100%        5
 Hydra Form               Tmut           0%           100%        6
 Dragon Form              Tmut           0%           100%        7
 Statue Form              Tmut/Erth      Unusable     N/A         6

Dungeon Overview and Level Annotations

Branches:
Dungeon (12/15)            Temple (1/1) D:5            Lair (0/6) D:10
    Orc: D:9-12

Altars:
Ashenzari
Cheibriados
Dithmenos
Elyvilon
Fedhas
Gozag
Hepliaklqana
Kikubaaqudgha
Makhleb
Nemelex Xobeh
Okawaru
Qazlal
Ru
Sif Muna
Trog
Uskayaw
Vehumet
Wu Jian
Xom
Yredelemnul
Zin
The Shining One

Shops:
D:7 [

Portals:
Abyss: D:7

Annotations:
D:11 Rupert


Innate Abilities, Weirdness & Mutations

You are resistant to torment.
Your stone body is resilient. (AC +8)
You are immune to poison.
You resist negative energy. (rN+)
You are resistant to electric shocks. (rElec)
You can survive without breathing.
You are immune to petrification.
You are immune to miasma.


Message History

Rupert freezes you. Rupert hits you but does no damage.
You can move again.
You completely miss Rupert.
Rupert is almost dead.
Rupert hits you with a +1 great sword of freezing.
Rupert freezes you.
You sock Rupert!
Rupert is almost dead.
You block Rupert's attack.
Your shield prevents you from hitting Rupert.
Rupert is almost dead.
Rupert hits you with a +1 great sword of freezing!!
* * * LOW HITPOINT WARNING * * *
Rupert freezes you!
* * * LOW HITPOINT WARNING * * *
You feel better. Rupert hits you but does no damage. You block Rupert's attack.
Rupert hits you with a +1 great sword of freezing!!
You die...

.# ##########.# #..####≈#
.#####......)...# #..###≈≈#
.......########.# ##.....≈.#
.####### #.########...###≈.# .#
##########......>...........
.#####...........#######........#
)#.........####..##### ##..#≈....
.#.###.###...........# ##.≈≈≈..#
.#.# #.# ######.@###.# #.###.}#
.#.###.# #.@# #.# #.##...#
.....#.# ##..# #.# #.#...##
.......#######...# #.# #.#..###
##.#........#....# #.# #.#..# #
#...........#....###.## #.#.># #
#..#....##............# #.#..###
.........#............# #.......
###...................# #.......


You could see Rupert (berserk).

Vanquished Creatures
  A two-headed ogre (D:10)
  A hell hog (D:7)
  Urug (D:10)
  Nergalle (D:11)
  2 unseen horrors
  The ghost of thewurscht the Skirmisher, a novice DrTm of Makhleb (D:7)
  2 ugly things
  A cyclops (D:11)
  Maurice (D:10)
  Maggie (D:6)
  A gargoyle (D:10)
  2 trolls
  Grinder (D:4)
  6 yaks (D:9)
  A wyvern (D:12)
  A wraith (D:11)
  Sigmund (D:5)
  2 small abominations (D:7)
  Edmund (D:5)
  5 orc warriors
  2 sky beasts
  A black bear (D:11)
  2 phantoms
  A necrophage (D:11)
  2 centaurs
  2 ogres
  3 big kobolds
  4 bullfrogs
  A water moccasin zombie (D:6)
  3 scorpions
  6 killer bees
  8 wights
  2 howler monkeys (D:7)
  A crimson imp (D:6)
  A bullfrog zombie (D:7)
  5 hounds
  A jelly (D:7)
  A quasit (D:7)
  Crazy Yiuf (D:3)
  A gnoll shaman (D:6)
  4 orc priests
  2 bullfrog skeletons
  8 orc wizards
  2 iron imps (D:7)
  4 centaur skeletons
  11 worker ants
  2 iguanas
  A hound zombie (D:11)
  A hound skeleton (D:6)
  4 gnolls (D:6)
  A howler monkey skeleton (D:8)
  5 adders
  2 shadow imps
  3 white imps
  2 ufetubi
  3 oozes
  An adder skeleton (D:4)
  3 worms
  3 dart slugs
  33 orcs
  2 bat zombies (D:5)
  7 giant cockroaches
  9 goblins
  12 hobgoblins
  4 jackals (D:11)
  2 quokkas
  3 bats
  6 frilled lizards
  11 kobolds
  2 quokka skeletons (D:4)
  7 rats
  A rat zombie (D:5)
242 creatures vanquished.

Vanquished Creatures (others)
  A shadow (D:12)
1 creature vanquished.

Grand Total: 243 creatures vanquished

Notes
Turn   | Place    | Note
-------+----------+-------------------------------------------
     0 | D:1      | BuffBuff the Gargoyle Fighter began the quest for the Orb.
     0 | D:1      | Reached XP level 1. HP: 14/14 MP: 1/1
    87 | D:1      | Reached XP level 2. HP: 19/19 MP: 2/2
   372 | D:1      | Reached XP level 3. HP: 21/23 MP: 3/3
   825 | D:2      | Found a sacrificial altar of Ru.
  1564 | D:3      | Found a runed translucent door.
  1565 | D:3      | Noticed Crazy Yiuf
  1596 | D:3      | Reached skill level 3 in Maces & Flails
  1596 | D:3      | Reached XP level 4. HP: 29/29 MP: 4/4
  1885 | D:3      | Reached XP level 5. HP: 20/33 MP: 5/5
  2457 | D:3      | Killed Crazy Yiuf
  2894 | D:4      | Reached skill level 4 in Maces & Flails
  2907 | D:4      | Reached XP level 6. HP: 39/39 MP: 6/6
  3458 | D:5      | Entered Level 5 of the Dungeon
  3488 | D:5      | Noticed a sky beast
  3505 | D:5      | Killed a sky beast
  3506 | D:5      | Reached XP level 7. HP: 41/44 MP: 7/7
  3521 | D:5      | Noticed Grinder
  3537 | D:5      | Paralysed by Grinder for 4 turns
  3586 | D:4      | Killed Grinder
  3587 | D:4      | Reached skill level 5 in Fighting
  3587 | D:4      | Reached skill level 5 in Maces & Flails
  3587 | D:4      | Reached skill level 5 in Armour
  3587 | D:4      | Reached skill level 5 in Shields
  3605 | D:5      | Reached XP level 8. HP: 49/49 MP: 8/8
  3703 | D:5      | Found a staircase to the Ecumenical Temple.
  3712 | Temple   | Entered the Ecumenical Temple
  3871 | Temple   | Became a worshipper of the Shining One
  3963 | D:5      | Reached skill level 6 in Maces & Flails
  4008 | D:5      | Noticed Edmund
  4018 | D:5      | Killed Edmund
  4093 | D:5      | Noticed Sigmund
  4103 | D:5      | Killed Sigmund
  4112 | D:5      | Found an ancient bone altar of Kikubaaqudgha.
  4143 | D:5      | Found a bloodstained altar of Trog.
  4499 | D:6      | Identified Hetul's Compendium of Dislocated Changing
  4555 | D:6      | Reached skill level 7 in Maces & Flails
  4655 | D:6      | Reached * piety under the Shining One
  4662 | D:6      | Reached XP level 9. HP: 55/56 MP: 9/9
  4759 | D:6      | Noticed Maggie
  4794 | D:6      | Killed Maggie
  5001 | D:6      | Found a burning altar of Makhleb.
  5216 | D:7      | Reached skill level 8 in Maces & Flails
  5296 | D:7      | Found Cauneb's Antique Armour Shop.
  5405 | D:7      | Found a stormy altar of Qazlal.
  5454 | D:7      | Found a transporter.
  5455 | D:7      | Found a one-way gate to the infinite horrors of the Abyss.
  5455 | D:7      | Noticed thewurscht's ghost (novice DrTm)
  5471 | D:7      | Found a transporter.
  5488 | D:7      | Noticed a hell hog
  5492 | D:7      | Got a jewelled scale mail
  5530 | D:7      | Noticed a red ugly thing
  5612 | D:7      | Reached ** piety under the Shining One
  5856 | D:7      | Found a shimmering blue altar of Sif Muna.
  6001 | D:7      | Killed thewurscht's ghost
  6002 | D:7      | Reached skill level 9 in Maces & Flails
  6002 | D:7      | Reached XP level 10. HP: 59/63 MP: 10/10
  6016 | D:7      | Killed a red ugly thing
  6024 | D:7      | HP: 2/64 [hell hog/fireball (11)]
  6223 | D:7      | Killed a hell hog
  6753 | D:8      | Found a white marble altar of Elyvilon.
  7015 | D:9      | Reached skill level 10 in Maces & Flails
  7142 | D:9      | Got a pair of fine gloves
  7147 | D:9      | Identified the +1 pair of gloves of Minor Irritation
                  | {+Blink rElec Int+2 Dex-3} (You found it on level 9 of the
                  | Dungeon)
  7525 | D:9      | Found a hide-covered altar of Uskayaw.
  7525 | D:9      | Noticed an unseen horror
  7525 | D:9      | Reached *** piety under the Shining One
  7532 | D:9      | Killed an unseen horror
  7533 | D:9      | Reached skill level 1 in Invocations
  7533 | D:9      | Reached skill level 1 in Evocations
  7533 | D:9      | Reached XP level 11. HP: 69/69 MP: 11/11
  7622 | D:9      | Found a glowing silver altar of Zin.
  7622 | D:9      | Noticed an angel
  7667 | D:9      | Identified the +7 scale mail of Paytt {*Drain +Inv Regen+
                  | SInv} (You found it on level 7 of the Dungeon)
  7669 | D:10     | Entered Level 10 of the Dungeon
  7704 | D:10     | Noticed Maurice
  7724 | D:10     | Killed Maurice
  7935 | D:10     | Found a staircase to the Lair.
  8037 | D:10     | Noticed Urug
  8078 | D:10     | Killed Urug
  8184 | D:10     | Noticed an unseen horror
  8187 | D:10     | Noticed a two-headed ogre
  8212 | D:10     | Killed a two-headed ogre
  8213 | D:10     | Reached skill level 11 in Maces & Flails
  8245 | D:10     | Killed an unseen horror
  8805 | D:11     | Noticed a cyclops
  8823 | D:11     | Killed a cyclops
  8886 | D:11     | Reached **** piety under the Shining One
  9274 | D:11     | Noticed Nergalle
  9298 | D:11     | Killed Nergalle
  9414 | D:11     | Noticed a green ugly thing
  9440 | D:11     | Killed a green ugly thing
  9763 | D:12     | Noticed Rupert
  9797 | D:12     | HP: 2/72 [Rupert/+1 great sword of freezing (25)]
  9797 | D:12     | The Shining One protects you from harm!
  9920 | D:11     | Paralysed by Rupert for 3 turns
  9931 | D:11     | Slain by Rupert

Illustrated notes

Levels and vault maps discovered:
D:1:      dpeg_arrival_tiny_e, layout_rooms, minmay_tromino_v4_c
D:2:      layout_basic, hangedman_ru_absence
D:3:      layout_loops_ring, uniq_crazy_yiuf_cottage
D:4:      layout_basic
D:5:      layout_loops_ring, lemuel_zombie_altar_kikubaaqudgha,
          temple_fountains, trog_book, uniq_grinder, uniq_edmund, uniq_sigmund
D:6:      layout_loops_ring, makhleb_grotto_becter, small_statue_intersection,
          uniq_maggie
D:7:      minmay_octagon_keep, layout_basic, led_sif_pool,
          nicolae_qazlal_general_emergency, serial_shops, kennysheep_mini,
          gammafunk_ghost_abyssal_escape
D:8:      layout_rooms, lemuel_statue_altar
D:9:      layout_rooms, zin_angel, minmay_ruined_shrine
D:10:     kennysheep_ambush_hall, layout_basic, dpeg_oklobed_lair, uniq_maurice,
          uniq_urug
D:11:     layout_loops_ring, chequers_serial_rivers_small_b, uniq_nergalle
D:12:     layout_loops_ring, david_orc_2, nrook_campfire, uniq_kirke,
          uniq_rupert
Temple:   eino_temple_rhombus

Skill      XL: |  1  2  3  4  5  6  7  8  9 10 11 |
---------------+----------------------------------+-----
Maces & Flails | 3 4 5 7 9 10 11 | 11.7
Fighting       | 4 5 6 7 8 9 |  9.6
Armour         | 4 5 6 7 8 |  8.5
Shields        | 4 5 6 7 8 9 |  9.6
Invocations    | 1 4 |  4.2
Evocations     | 1 3 |  3.6

Action                   |  1- 3 |  4- 6 |  7- 9 | 10-12 || total
-------------------------+-------+-------+-------+-------++-------
Melee: Flail             |   147 |    94 |       |       ||   241
       Mace              |       |    85 |   329 |   488 ||   902
 Abil: Evoke Blink       |       |       |       |     2 ||     2
  Use: Scroll            |       |     9 |     3 |     9 ||    21
       Potion            |       |       |     2 |     6 ||     8
Armor: Scale mail        |    81 |    48 |       |   142 ||   271
       Plate armour      |       |    41 |   189 |   106 ||   336
Dodge: Dodged            |    54 |    45 |    50 |    93 ||   242
Block: Kite shield       |    76 |    78 |   194 |   243 ||   591

Table legend: (Time is in decaauts)
 A = Elapsed time spent in this place.
 B = Non-inter-level travel time spent in this place.
 C = Inter-level travel time spent in this place.
 D = Time resting spent in this place.
 E = Time spent auto-exploring this place.
 F = Levels seen in this place.
 G = Mean time per level.
                   A        B        C        D        E       F      G
               +--------+--------+--------+--------+--------+-----+--------+
         Total |   9959 |   9756 |    203 |   1418 |   5677 |  13 |  766.1 |
       Dungeon |   9793 |   9595 |    198 |   1418 |   5539 |  12 |  816.1 |
        Temple |    165 |    160 |      5 |      0 |    138 |   1 |  165.0 |
               +--------+--------+--------+--------+--------+-----+--------+

Top non-repeatable levels by time:
     D:7: 1215 daAuts
     D:4: 1095 daAuts
    D:10: 1093 daAuts
     D:3: 977 daAuts
    D:11: 935 daAuts
     D:6: 934 daAuts
     D:2: 923 daAuts
     D:9: 711 daAuts
     D:5: 611 daAuts
     D:1: 586 daAuts
     D:8: 552 daAuts
  Temple: 165 daAuts
    D:12: 155 daAuts
